Map: 2000 Atmospheres LE

Players

Neuro - Winner!

  • Race: Zerg Zerg
  • League: Grandmaster

VitaCoCo

  • Race: Protoss Protoss
  • League: Master

VOD

Have the link to the VOD?

Description

Time

  • Played on: Aug. 3, 2021, 10:32 p.m.
  • Length: 8:51
Show
View Real Time Build Order
Export as new Build Order

Neuro Zerg - Winner!

Build Orders: Hatch First, Zergling Baneling 

Get SALT Encoding   

  12  0:01  Drone  
  13  0:12  Overlord  
  13  0:17  Drone  
  14  0:31  Drone x2  
  16  0:48  Hatchery  
  15  0:52  Drone  
  15  0:56  Drone  
  17  0:58  Drone  
  18  1:10  Extractor  
  17  1:14  Spawning Pool  
  17  1:16  Drone  
  17  1:20  Drone  
  18  1:30  Drone  
  19  1:39  Drone  
  20  1:50  Overlord  
  20  2:01  Queen x2  
  22  2:02  Zergling x4  
  26  2:12  Metabolic Boost  
  26  2:17  Drone x2  
  28  2:28  Drone x2  
  30  2:40  Hatchery  
  29  2:44  Overlord  
  29  2:48  Drone x3  
  32  2:55  Baneling Nest  
  31  3:00  Drone x2  
  33  3:07  Drone x2  
  33  3:10  Drone x2  
  33  3:11  Drone  
  38  3:15  Zergling x4  
  38  3:17  Zergling x2  
  41  3:23  Zergling x2  
  41  3:27  Overlord  
  42  3:30  Zergling x2  
  43  3:40  Zergling x2  
  44  3:43  Baneling  
  44  3:44  Queen, Baneling x3  
  44  3:45  Overlord  
  44  3:47  Drone x3  
  49  3:52  Baneling x2  
  49  3:54  Drone x3  
  52  3:59  Queen  
  54  4:05  Drone x3  
  57  4:11  Drone  
  57  4:12  Drone x3  
  58  4:23  Drone x5  
  63  4:27  Overlord  
  62  4:32  Zergling x2  
  62  4:37  Zergling x6  
  64  4:41  Spine Crawler  
  64  4:43  Spine Crawler  
  64  4:44  Zergling x6  
  65  4:51  Extractor  
  65  4:52  Baneling x5  
  64  4:53  Zergling x6  
  64  4:56  Queen  
  67  5:01  Zergling x6  
  66  5:09  Zergling x12  
  66  5:11  Spine Crawler  
  66  5:12  Spine Crawler  
  68  5:15  Zergling x6  
  67  5:24  Baneling x3  
  67  5:25  Baneling x3, Zergling x4  
  67  5:26  Zergling x2  
  71  5:28  Zergling x6  
  71  5:37  Zergling x6  
  71  5:45  Zergling x6  
  72  5:52  Zergling x6  
  72  5:54  Spine Crawler  
  72  5:55  Spine Crawler  
  72  5:56  Baneling x2  
  70  5:58  Zergling x6  
  70  6:03  Queen  
  72  6:06  Zergling x6  
  72  6:09  Zergling x4  
  74  6:13  Baneling  
  74  6:14  Overlord  
  73  6:29  Zergling x4  
  73  6:32  Overlord, Queen  
  74  6:41  Zergling x16  
  82  6:50  Queen, Overlord x2  
  82  6:51  Baneling x4  
  84  6:57  Spine Crawler  
  84  6:58  Overlord  
  84  7:00  Overlord  
  82  7:09  Zergling x10  
  82  7:13  Drone  
  84  7:18  Queen x2  
  84  7:19  Drone  
  88  7:26  Zergling x10  
  91  7:33  Zergling x8  
  91  7:36  Queen  
  95  7:40  Overlord  
  95  7:42  Zergling x2  
  94  7:46  Zergling x2  
  94  7:50  Zergling x2  
  94  7:53  Evolution Chamber  
  94  7:54  Queen x2  
  94  7:55  Zergling x10  
  100  7:59  Overlord  
  100  8:02  Spore Crawler  
  100  8:03  Overlord  
  100  8:04  Zergling x2  
  100  8:05  Baneling  
  100  8:06  Baneling  
  100  8:12  Drone x5  
  105  8:18  Baneling x6  
  104  8:22  Zergling x8  
  104  8:26  Zergling x2  
  105  8:29  Zergling x4  
Show
View Real Time Build Order
Export as new Build Order

VitaCoCo Protoss 

Build Orders: 1 Gate Expand 

Get SALT Encoding   

  12  0:00  Probe  
  13  0:12  Probe  
  14  0:18  Pylon  
  14  0:24  Probe  
  15  0:36  Probe  
  15  0:39  Gateway  
  16  0:45  Assimilator  
  16  0:48  Probe (Chrono Boost)  
  17  0:59  Probe (Chrono Boost)  
  18  1:04  Probe (Chrono Boost)  
  19  1:23  Nexus  
  20  1:25  Probe  
  20  1:34  Cybernetics Core  
  20  1:37  Probe  
  21  1:41  Assimilator  
  21  1:49  Probe  
  21  1:54  Pylon  
  22  2:02  Probe  
  23  2:09  Stalker (Chrono Boost)  
  23  2:11  Warp Gate  
  23  2:14  Probe  
  26  2:26  Probe  
  27  2:31  Adept  
  27  2:32  Twilight Council  
  27  2:35  Probe  
  30  2:38  Probe  
  31  2:48  Probe  
  31  2:50  Probe  
  33  2:55  Robotics Facility  
  33  3:00  Probe  
  35  3:05  Probe  
  35  3:06  Charge (Chrono Boost)  
  35  3:18  Gateway  
  35  3:21  Gateway  
  35  3:22  Gateway  
  35  3:26  Pylon  
  35  3:39  Warp Prism (Chrono Boost)  
  35  3:48  Gateway  
  37  3:50  Gateway  
  37  3:53  Gateway  
  37  3:57  Gateway  
  37  4:00  Probe  
  37  4:02  Probe  
  39  4:08  Pylon  
  37  4:17  Zealot x3  
  43  4:26  Pylon  
  43  4:27  Pylon  
  40  4:41  Zealot x2  
  44  4:46  Pylon  
  42  5:07  Zealot x2  
  42  5:08  Zealot x2  
  42  5:09  Zealot x3  
  48  5:17  Zealot  
  50  5:28  Zealot x3  
  50  5:29  Zealot  
  56  5:36  Zealot x3  
  56  5:41  Zealot  
  50  5:49  Zealot x2  
  48  5:57  Zealot x3  
  48  6:10  Zealot  
  48  6:11  Zealot x3  
  44  6:13  Zealot  
  44  6:20  Zealot x2  
  48  6:30  Zealot  
  48  6:31  Zealot  
  42  6:43  Zealot x5  
  52  7:03  Zealot x5  
  52  7:04  Zealot  
  52  7:22  Zealot  
  54  7:23  Zealot x4  
  54  7:24  Zealot  
  52  7:31  Zealot x2  
  38  7:44  Zealot x3  
  38  7:45  Zealot  
  44  7:51  Zealot x2  
  34  8:07  Zealot x4  
  34  8:08  Zealot x3  
  48  8:18  Zealot  
  36  8:33  Zealot x3  
  42  8:34  Zealot  
  42  8:38  Zealot x2  
  42  8:39  Zealot  
Tags
 
Add a new tag
Caveats
  • Supply blocks, unpowered buildings, or Contaminate may cause inaccurate times.
  • Supply counts are checked every 10 seconds.